Map: Lost and Found LE

Players

FisterRoboto

  • Race: Zerg Zerg
  • League: Master
  • Spawn Location: 7:00

Amateur - Winner!

  • Race: Terran Terran
  • League: Master
  • Spawn Location: 1:00

VOD

Have the link to the VOD?

Description

Time

  • Played on: Aug. 11, 2018, 12:28 a.m.
  • Length: 11:51
Show
View Real Time Build Order
Export as new Build Order

FisterRoboto Zerg 

Build Orders: Hatch First 

Get SALT Encoding   

  12  0:01  Drone  
  13  0:12  Overlord  
  13  0:17  Drone  
  14  0:31  Drone x2  
  16  0:47  Hatchery  
  15  0:51  Drone  
  15  0:55  Drone  
  17  0:58  Drone  
  18  1:09  Extractor  
  17  1:14  Spawning Pool  
  17  1:16  Drone  
  17  1:19  Drone  
  18  1:29  Drone  
  19  1:40  Drone  
  20  2:00  Queen x2  
  24  2:01  Zergling x4  
  26  2:11  Hatchery  
  25  2:16  Overlord  
  25  2:22  Metabolic Boost  
  25  2:28  Drone  
  26  2:30  Drone  
  26  2:33  Drone  
  26  2:36  Drone  
  29  2:43  Drone x2  
  31  2:52  Pneumatized Carapace  
  31  2:55  Overlord  
  31  3:00  Drone x2  
  31  3:02  Drone  
  31  3:04  Drone  
  35  3:21  Drone  
  35  3:22  Drone x5  
  35  3:24  Drone  
  35  3:25  Queen  
  44  3:28  Overlord  
  44  3:33  Drone x2  
  46  3:37  Queen  
  46  3:40  Drone x2  
  50  3:45  Extractor  
  50  3:46  Queen  
  51  3:53  Overlord  
  51  3:54  Overlord  
  51  4:07  Overlord x2  
  51  4:11  Queen  
  51  4:13  Drone x5  
  58  4:18  Queen  
  58  4:21  Drone x2  
  58  4:22  Drone  
  63  4:25  Queen  
  63  4:30  Evolution Chamber  
  64  4:32  Zergling x2  
  64  4:33  Zergling x2, Evolution Chamber  
  64  4:35  Zergling x2  
  66  4:39  Zergling x6  
  69  4:47  Zergling x6  
  69  4:48  Zergling x6  
  69  4:52  Queen  
  77  4:54  Overlord  
  77  4:59  Zerg Ground Armor Level 1  
  77  5:02  Zerg Melee Weapons Level 1  
  77  5:03  Zergling x2  
  77  5:04  Zergling x2  
  77  5:07  Zergling x4  
  67  5:22  Zergling x10  
  67  5:23  Zergling x8  
  67  5:28  Zergling x10  
  81  5:34  Zergling x2  
  82  5:37  Drone x2  
  82  5:41  Lair  
  84  5:45  Hatchery  
  83  5:56  Drone  
  83  5:57  Drone x6  
  83  6:03  Drone x2  
  90  6:04  Overlord x3  
  90  6:09  Baneling Nest  
  89  6:20  Drone  
  89  6:21  Overlord x3  
  89  6:24  Drone x3  
  93  6:26  Extractor x2  
  93  6:27  Drone  
  93  6:30  Hatchery  
  91  6:35  Drone x6  
  91  6:36  Drone  
  98  6:40  Overseer  
  98  6:43  Zergling x4  
  98  6:44  Zergling x6  
  103  6:50  Zergling x4  
  103  6:51  Zergling x2  
  106  6:55  Centrifical Hooks  
  106  6:56  Zergling x2, Hydralisk Den  
  106  6:57  Zergling x4  
  106  6:58  Queen  
  110  7:01  Zergling x2  
  93  7:08  Zergling x2  
  93  7:09  Zergling x4  
  88  7:17  Zergling x2  
  88  7:18  Zergling x2  
  88  7:20  Baneling  
  88  7:21  Baneling x7  
  88  7:22  Zergling x4  
  92  7:29  Zergling x4  
  94  7:34  Zergling x6  
  94  7:46  Queen  
  94  7:47  Drone  
  94  7:48  Drone x4  
  94  7:51  Grooved Spines  
  101  7:53  Zerg Ground Armor Level 2, Zerg Melee Weapons Level 2  
  101  7:55  Drone  
  101  7:56  Extractor x2, Drone x7  
  107  8:00  Baneling x4  
  107  8:02  Drone x5  
  107  8:03  Drone x2  
  114  8:12  Zergling x8  
  118  8:15  Zergling x4  
  118  8:19  Zergling x2  
  121  8:20  Zergling x8  
  125  8:32  Zergling x24  
  137  8:36  Hydralisk x3  
  143  8:51  Hydralisk x3  
  143  8:53  Overlord x5  
  149  8:59  Overlord x3  
  149  9:04  Extractor  
  149  9:05  Baneling x2  
  149  9:07  Baneling  
  149  9:08  Baneling x9  
  149  9:09  Extractor  
  147  9:11  Zergling x16  
  147  9:12  Zergling x6  
  157  9:24  Zergling x16  
  148  9:32  Zergling x2  
  148  9:33  Zergling x4  
  148  9:34  Baneling x2  
  148  9:35  Baneling  
  148  9:36  Baneling x6  
  148  9:37  Zergling x4  
  151  9:41  Zergling x4  
  152  9:54  Zergling x6  
  152  9:55  Zergling x10  
  152  9:57  Hydralisk, Baneling x4  
  152  9:59  Hydralisk  
  164  10:03  Hydralisk x2  
  168  10:10  Hatchery  
  168  10:12  Hydralisk x3  
  173  10:16  Infestation Pit  
  173  10:18  Spire  
  169  10:25  Hydralisk x11  
  191  10:38  Muscular Augments  
  191  10:40  Zergling x8  
  191  10:41  Zergling x10  
  198  11:22  Zergling x8  
  196  11:28  Zergling x16  
Show
View Real Time Build Order
Export as new Build Order

Amateur Terran - Winner!

Build Orders: Reaper Expand, MMM Bio 

Get SALT Encoding   

  12  0:01  SCV  
  13  0:13  SCV  
  14  0:17  Supply Depot  
  14  0:25  SCV  
  15  0:38  SCV  
  15  0:40  Barracks  
  16  0:44  Refinery  
  16  0:50  SCV  
  17  1:02  SCV  
  18  1:14  SCV  
  19  1:27  Orbital Command, Reaper  
  20  1:39  Command Center  
  20  1:49  Barracks  
  20  1:53  SCV  
  21  2:00  Barracks Reactor  
  21  2:05  SCV  
  22  2:09  Supply Depot  
  22  2:12  Refinery  
  22  2:17  SCV  
  22  2:22  Factory  
  23  2:30  SCV  
  23  2:36  Barracks Tech Lab  
  23  2:37  Marine x2  
  24  2:42  SCV  
  27  2:52  Orbital Command  
  27  2:54  SCV  
  27  2:55  Stimpack  
  27  2:56  Marine  
  29  2:59  Marine  
  29  3:01  Marine  
  31  3:09  SCV  
  32  3:13  Marine  
  33  3:20  Starport, Marine  
  33  3:23  Marine, Factory Reactor  
  33  3:26  SCV  
  33  3:27  SCV  
  37  3:31  Marine  
  38  3:35  Supply Depot  
  38  3:38  Marine  
  38  3:41  Marine  
  39  3:42  SCV x2  
  42  3:55  Marine  
  41  3:56  Marine  
  41  3:59  Marine  
  41  4:02  SCV x2  
  46  4:04  Medivac x2  
  50  4:13  Supply Depot  
  50  4:14  SCV x2, Marine x2  
  54  4:25  Engineering Bay  
  54  4:26  Engineering Bay, Supply Depot  
  54  4:34  SCV x2  
  57  4:40  Marine x3  
  59  4:48  Command Center  
  59  4:56  Terran Infantry Weapons Level 1, Terran Infantry Armor Level 1  
  59  4:58  Marine x2  
  59  4:59  Marine  
  62  5:02  Combat Shields  
  62  5:17  Marine x3  
  58  5:27  Medivac  
  60  5:31  SCV x2  
  60  5:32  Refinery  
  60  5:34  Barracks, Supply Depot  
  60  5:35  Barracks  
  62  5:36  Barracks  
  62  5:38  Medivac  
  62  5:39  Marine x2  
  62  5:40  Marine  
  67  5:43  SCV  
  67  5:44  SCV  
  69  5:56  SCV x2  
  68  6:00  Factory Tech Lab  
  68  6:03  Orbital Command  
  68  6:06  Marine x3  
  68  6:08  SCV x2  
  73  6:17  Supply Depot  
  73  6:18  Refinery  
  73  6:19  Supply Depot  
  73  6:20  SCV x2  
  73  6:23  Barracks Reactor  
  73  6:24  Barracks Reactor x2  
  75  6:28  Orbital Command, Marine x3  
  78  6:33  SCV x2  
  80  6:40  Armory  
  80  6:44  Siege Tank  
  83  6:53  SCV x2  
  85  6:54  SCV  
  85  6:55  Marine x3  
  83  7:11  Marine x6  
  83  7:13  Marine  
  88  7:18  SCV x3  
  88  7:22  Supply Depot  
  91  7:23  Supply Depot  
  91  7:24  Siege Tank  
  94  7:30  SCV x2  
  94  7:31  SCV  
  94  7:32  Supply Depot  
  94  7:33  Supply Depot  
  97  7:43  Marine x8  
  97  7:44  Marine  
  102  7:45  SCV x2  
  102  7:46  SCV  
  102  7:48  Concussive Shells, Medivac  
  102  7:50  Medivac  
  109  7:54  Terran Infantry Weapons Level 2  
  109  7:56  Terran Infantry Armor Level 2  
  109  7:57  SCV  
  110  8:02  Supply Depot  
  110  8:03  Supply Depot  
  110  8:05  SCV x2  
  112  8:09  Marine x7  
  112  8:10  Marine  
  112  8:11  Marine  
  121  8:18  SCV x3  
  124  8:22  Supply Depot  
  124  8:23  Supply Depot  
  124  8:24  Siege Tank  
  124  8:27  Marine x6  
  127  8:28  Marine x2  
  127  8:29  Marine  
  136  8:44  Refinery  
  136  8:46  Refinery, Supply Depot  
  136  8:48  Marine x4, Supply Depot  
  137  8:49  Marine x5  
  145  9:00  Command Center  
  145  9:02  SCV x2  
  147  9:19  Marine x3  
  147  9:20  Marine x4  
  142  9:26  Siege Tank  
  142  9:30  Barracks  
  142  9:31  Barracks  
  145  9:32  Barracks  
  142  9:42  Marine x2  
  142  9:43  Marine x7  
  151  9:48  Factory  
  151  9:53  Medivac x2  
  151  9:54  Supply Depot  
  151  9:55  Supply Depot  
  155  10:00  Marine x4  
  155  10:01  Marine x5, Siege Tank  
  167  10:24  Supply Depot  
  167  10:25  Supply Depot  
  167  10:30  Barracks Tech Lab x3  
  167  10:36  Sensor Tower  
  167  10:42  Factory Tech Lab  
  167  10:45  Marine  
  167  10:46  Marine x8  
  167  10:47  Siege Tank  
  167  10:48  Ghost Academy, Supply Depot  
  179  11:06  Marauder x3  
  179  11:07  Marauder, Marine x6  
  179  11:08  Marine x2  
  179  11:10  Planetary Fortress  
  195  11:25  Marine  
Tags
 
Add a new tag
Caveats
  • Supply blocks, unpowered buildings, or Contaminate may cause inaccurate times.
  • Supply counts are checked every 10 seconds.